 Dungeon Crawl Stone Soup version 0.17.1-1-g73c8601 (webtiles) character file.

5812 Rationalist the Nimble (level 10, 0/79 HPs)
             Began as a Demonspawn Berserker on Jan 4, 2016.
             Was an Elder of Trog.
             Slain by Nergalle
             ... wielding a +0 dagger
              (3 damage)
             ... on level 10 of the Dungeon.
             The game lasted 00:13:33 (9031 turns).

Rationalist the Nimble (Demonspawn Berserker)       Turns: 9031, Time: 00:13:33

Health: 0/79       AC:  6    Str: 18    XL:     10   Next: 50%
Magic:  10/10      EV: 19    Int:  9    God:    Trog [****..]
Gold:   453        SH:  2    Dex: 15    Spells: 0 memorised, 9 levels left

rFire  . . .     SeeInvis .     C - +0 hand axe (chop)
rCold  . . .     Clarity  .     g - +0 robe
rNeg   + . .     SustAt   +     (no shield)
rPois  .         Gourm    .     (helmet restricted)
rElec  .         Spirit   .     m - +1 cloak {MR+}
rCorr  .         Warding  .     (no gloves)
rMut   .         Stasis   .     (no boots)
MR     +....                    (no amulet)
Stlth  +++.......               u - ring of sustain attributes
                                (no ring)

@: exhausted, slowed, very slow, somewhat resistant to hostile enchantments,
fairly stealthy
A: antennae 2, large bone plates 1, negative energy resistance 1, powered by
death 1, spiny 3
a: Berserk, Trog's Hand, Brothers in Arms, Burn Spellbooks, Renounce Religion


You were on level 10 of the Dungeon.
You worshipped Trog.
Trog was greatly pleased with you.
You were near starving.

You visited 1 branch of the dungeon, and saw 10 of its levels.

You collected 453 gold pieces.

Inventory:

Hand Weapons
 C - a +0 hand axe of chopping (weapon)
 D - a +3 battleaxe
 J - a +0 hand crossbow
Missiles
 y - 59 bolts
Armour
 g - a +0 robe (worn)
 m - a +1 cloak of magic resistance (worn)
Jewellery
 o - an uncursed ring of teleportation
 u - a ring of sustain attributes (right hand)
 I - a cursed -3 ring of intelligence {unknown}
Wands
 j - a wand of magic darts (21)
 l - a wand of random effects (32)
 G - a wand of random effects (7)
 M - a wand of digging (21)
Scrolls
 b - 3 scrolls of enchant armour
 e - a scroll of enchant weapon {unknown}
 f - a scroll of fog {unknown}
 h - 3 scrolls of teleportation {unknown}
 i - 2 scrolls of remove curse
 k - 2 scrolls of amnesia {unknown}
 n - 6 scrolls of magic mapping {unknown}
 p - 2 scrolls of immolation {unknown}
 v - a scroll of recharging {unknown}
 x - a scroll of random uselessness {unknown}
 H - a scroll of blinking {unknown}
Potions
 a - a potion of invisibility
 q - a potion of berserk rage
 r - 2 potions of cure mutation
 s - a potion of brilliance {unknown}
 t - a potion of curing
 z - 2 potions of haste
 B - a potion of resistance
 F - a potion of might
Comestibles
 c - 2 bread rations
 d - 6 meat rations
 A - 34 fruits
 E - 2 slices of pizza


   Skills:
 + Level 7.1 Fighting
 + Level 6.8 Axes
 + Level 2.0 Armour
 + Level 10.4 Dodging
 + Level 5.9 Stealth


You had 9 spell levels left.
You didn't know any spells.

Dungeon Overview and Level Annotations

Branches:
Dungeon (10/15)            Temple (0/1) D:5             Orc (0/4) D:9
   Lair: D:8-11

Altars:
Dithmenos
Kikubaaqudgha
Makhleb
Trog
Zin

Shops:
D:9 *

Annotations:
D:10 Nergalle


Innate Abilities, Weirdness & Mutations

You have a pair of antennae on your head.
You are partially covered in large bone plates (AC +2, SH +2).
You resist negative energy.
You regenerate a little health from kills.
You are completely covered in sharp spines.


Message History

The spectral orc is struck by your spines.
You destroy the spectral orc!
The spectral orc warrior is struck by your spines.
The spectral orc warrior misses you.
The spectral orc warrior hits your ogre with a battleaxe!
Your ogre dies!
Your ogre's corpse disappears in a puff of smoke!
Things that are here:
a broad axe of chopping; a plate armour; the human corpse of Maud Unknown command.
Drink which item? (? for menu, Esc to quit)
You feel better.
The spectral orc knight shoots a bolt.
The bolt hits you!
* * * LOW HITPOINT WARNING * * *
The bolt freezes you.
* * * LOW HITPOINT WARNING * * *
The bolt disappears in a puff of smoke!
Nergalle barely misses you.
The spectral orc warrior is struck by your spines.
The spectral orc warrior barely misses you.
The spectral orc warrior misses you. Nergalle hits you with a dagger.
You die...

#...# .... #...# .....
#...# ...... #...#
...... #...# ......
#...#######......
..#####<...............
.......<.........#
......Zo@Z.....†.# #
.......Z.).......##.####
..#####.Z.#####..<.....#
#..........##.##.#
#...######.# # ......
#.# ....... #.#
#.......# #.# #..


You could see Nergalle, 3 spectral orc warriors and a spectral orc knight.

Vanquished Creatures
  Maud (D:10)
  Maurice (D:8)
  A two-headed ogre (D:8)
  Prince Ribbit (D:9)
  A deep elf mage (D:9)
  A hippogriff (D:9)
  A wyvern (D:9)
  A steam dragon (D:7)
  2 sky beasts
  A water moccasin (D:9)
  An orc warrior (D:9)
  An ice beast (D:8)
  5 centaurs
  6 ogres
  3 big kobolds
  2 giant frogs
  2 scorpions
  9 wights
  A jelly (D:7)
  4 hounds
  6 crimson imps
  A centaur zombie (D:7)
  A giant frog zombie (D:5)
  2 orc priests
  2 orc wizards (D:4)
  A giant frog skeleton (D:4)
  5 worker ants
  Terence (D:3)
  4 iguanas
  2 hound skeletons
  A hound zombie (D:7)
  A worker ant zombie (D:5)
  8 adders
  6 gnolls
  3 oozes
  3 worms
  3 giant geckos
  20 orcs
  3 ball pythons
  6 giant cockroaches
  5 hobgoblins
  19 kobolds
  3 quokkas
  7 bats
  A giant cockroach zombie (D:7)
  6 giant newts
  5 goblins
  3 jackals (D:1)
  12 rats
185 creatures vanquished.

Vanquished Creatures (others)
  A wizard (D:5)
  A human (D:3)
2 creatures vanquished.

Grand Total: 187 creatures vanquished

Notes
Turn   | Place    | Note
--------------------------------------------------------------
     0 | D:1      | Rationalist the Demonspawn Berserker began the quest for the Orb.
     0 | D:1      | Reached XP level 1. HP: 18/18 MP: 1/1
   390 | D:1      | Gained mutation: You are partially covered in sharp spines. [demonic ancestry]
   390 | D:1      | Reached XP level 2. HP: 24/24 MP: 2/2
  1238 | D:1      | Reached ** piety under Trog
  1495 | D:1      | Gained mutation: You have a pair of small antennae on your head. [demonic ancestry]
  1495 | D:1      | Reached XP level 3. HP: 29/29 MP: 3/3
  2237 | D:2      | Gained mutation: You are mostly covered in sharp spines. [demonic ancestry]
  2237 | D:2      | Reached XP level 4. HP: 33/37 MP: 4/4
  2271 | D:2      | Reached skill level 4 in Fighting
  2754 | D:3      | Reached *** piety under Trog
  2755 | D:3      | Gained mutation: You are completely covered in sharp spines. [demonic ancestry]
  2755 | D:3      | Reached XP level 5. HP: 14/42 MP: 5/5
  3283 | D:3      | Noticed Terence
  3289 | D:3      | Killed Terence
  3486 | D:3      | Found a burning altar of Makhleb.
  3489 | D:3      | Found a glowing silver altar of Zin.
  3490 | D:3      | Noticed an angel
  3490 | D:3      | Noticed a cacodemon
  3584 | D:3      | Found an ancient bone altar of Kikubaaqudgha.
  3585 | D:3      | Noticed a human
  3589 | D:3      | Killed a human
  3641 | D:4      | Reached skill level 1 in Stealth
  4135 | D:4      | Gained mutation: You are partially covered in large bone plates (AC +2, SH +2). [demonic ancestry]
  4135 | D:4      | Reached XP level 6. HP: 49/49 MP: 6/6
  4590 | D:4      | Noticed an ogre
  4599 | D:4      | Killed an ogre
  5107 | D:5      | Entered Level 5 of the Dungeon
  5125 | D:5      | Gained mutation: You regenerate a little health from kills. [demonic ancestry]
  5125 | D:5      | Reached XP level 7. HP: 51/55 MP: 7/7
  5126 | D:5      | Reached skill level 5 in Fighting
  5195 | D:5      | Reached skill level 5 in Dodging
  5217 | D:5      | Found a staircase to the Ecumenical Temple.
  5245 | D:5      | Reached **** piety under Trog
  5566 | D:5      | Reached skill level 6 in Dodging
  5566 | D:5      | Gained mutation: You resist negative energy. [demonic ancestry]
  5566 | D:5      | Reached XP level 8. HP: 48/63 MP: 8/8
  5866 | D:5      | Found a bloodstained altar of Trog.
  5869 | D:5      | Noticed a wizard
  5874 | D:5      | Killed a wizard
  6188 | D:6      | Found a shadowy altar of Dithmenos.
  6225 | D:6      | Reached skill level 5 in Axes
  6736 | D:7      | HP: 3/64 [steam dragon (8)]
  6739 | D:7      | Reached skill level 7 in Dodging
  7106 | D:7      | Gained mutation: You have a pair of antennae on your head. [demonic ancestry]
  7106 | D:7      | Reached XP level 9. HP: 69/69 MP: 9/9
  7944 | D:8      | Reached skill level 8 in Dodging
  8084 | D:8      | Noticed Maurice
  8116 | D:8      | Killed Maurice
  8261 | D:9      | Reached skill level 5 in Stealth
  8311 | D:9      | Reached skill level 9 in Dodging
  8535 | D:9      | Reached XP level 10. HP: 77/77 MP: 10/10
  8600 | D:9      | Found a staircase to the Orcish Mines.
  8617 | D:9      | Found Suotum's General Store.
  8766 | D:9      | Noticed Prince Ribbit
  8770 | D:9      | Reached ***** piety under Trog
  8784 | D:9      | Killed Prince Ribbit
  8983 | D:10     | Entered Level 10 of the Dungeon
  8997 | D:10     | Noticed Maud
  9015 | D:10     | Noticed Nergalle
  9018 | D:10     | Killed Maud
  9018 | D:10     | Reached skill level 10 in Dodging
  9031 | D:10     | HP: 3/79 [spectral orc knight/bolt[Nergalle] (1)]
  9031 | D:10     | Slain by Nergalle

Action                   |  1- 3 |  4- 6 |  7- 9 | 10-12 || total
-------------------------+-------+-------+-------+-------++-------
Melee: Hand axe          |    50 |    77 |   161 |    50 ||   338
Invok: Trog's Hand       |       |     1 |     1 |       ||     2
       Berserk           |       |       |     3 |     1 ||     4
       Brothers in Arms  |       |       |     1 |     1 ||     2
       Burn Spellbooks   |       |       |     1 |       ||     1
  Use: Scroll            |       |     1 |    10 |     1 ||    12
       Potion            |       |       |     2 |     2 ||     4
 Stab: Sleeping          |       |       |     4 |       ||     4
  Eat: Chunk             |     4 |     9 |    13 |     2 ||    28
